 Dungeon Crawl Stone Soup version 0.30-a0-672-gc3a7216ad8 (webtiles) character file.

Game seed: 3349325012863244156

56 bande the Trooper (level 3, 0/33 HPs)
             Began as a Hill Orc Fighter on Jan 18, 2023.
             Slain by a gnoll
             ... wielding a +0 club
              (5 damage)
             ... on level 2 of the Dungeon.
             The game lasted 00:01:30 (870 turns).

bande the Trooper (Hill Orc Fighter)                 Turns: 870, Time: 00:01:31

Health: 0/33       AC:  8    Str: 18    XL:     3   Next: 95%
Magic:  3/3        EV:  9    Int:  8    God:
Gold:   72         SH:  4    Dex: 12    Spells: 2/2 levels left

rFire   . . .      SeeInvis .    a - +0 war axe
rCold   . . .      Faith    .    c - +0 buckler
rNeg    . . .      Spirit   .    b - +0 scale mail
rPois   .          Reflect  .    (no helmet)
rElec   .          Harm     .    (no cloak)
rCorr   .          Rampage  .    q - +0 pair of gloves
Will    +....                    (no boots) Stlth
                                 i - amulet of regeneration
HPRegen 1.05/turn                k - ring of willpower
MPRegen 0.08/turn                (no ring)

@: no status effects
A: no striking features
a: no special abilities


You were on level 2 of the Dungeon.
You visited 1 branch of the dungeon, and saw 2 of its levels.

You collected 72 gold pieces.

Inventory:

Hand Weapons
 a - a +0 war axe (weapon)
 e - a +0 war axe
Armour
 b - a +0 scale mail (worn)
 c - a +0 buckler (worn)
 q - a +0 pair of gloves (worn)
Jewellery
 f - a ring of protection from fire
 i - an amulet of regeneration (around neck)
 k - a ring of willpower (left hand)
Scrolls
 g - a scroll of magic mapping {unknown}
 h - a scroll of amnesia {unknown}
 l - a scroll of teleportation {unknown}
 n - 2 scrolls of identify {unknown}
 o - a scroll of fear {unknown}
 r - a scroll of vulnerability {unknown}
 s - a scroll of immolation {unknown}
Potions
 d - a potion of might
 j - a potion of brilliance {unknown}
 m - 2 potions of magic {unknown}
 p - a potion of heal wounds {unknown}
 t - 2 potions of invisibility {unknown}


   Skills:
 + Level 4.1 Fighting
 + Level 3.9 Axes
 + Level 3.9 Armour
 + Level 3.6 Shields


You had 2 spell levels left.
You didn't know any spells.
Your spell library contained the following spells:

 Spells                   Type           Power      Damage    Failure   Level
 Cigotuvi's Dreadful Rot  Necr/Pois/Air  0%         N/A       95%         2
 Dispel Undead            Necr           0%         3d6       100%        4
 Death Channel            Necr           0%         N/A       100%        6


Dungeon Overview and Level Annotations

Branches:
Dungeon (2/15)

Altars:
Sif Muna


Message History

You block the ball python's attack. The ball python barely misses you.
You hit the ball python.
You kill the ball python!
The gnoll hits you with a +0 halberd!
You slash the gnoll!
The gnoll is almost dead.
The gnoll hits you with a +0 halberd!
You completely miss the gnoll.
The gnoll is almost dead.
You closely miss the gnoll. The gnoll misses you.
You hit the gnoll.
You kill the gnoll!
You completely miss the gnoll. You closely miss the gnoll.
The gnoll barely misses you. You block the gnoll's attack.
The gnoll barely misses you. You block the gnoll's attack.
The gnoll closely misses you.
You closely miss the gnoll. You slash the gnoll! You hit the gnoll.
The gnoll closely misses you. The gnoll barely misses you.
The gnoll hits you with a +0 whip.
You barely miss the gnoll.
The gnoll is heavily wounded.
You closely miss the gnoll. You hit the gnoll but do no damage.
The gnoll completely misses you. The gnoll hits you but does no damage.
The gnoll hits you with a +0 flail!
You are too injured to fight recklessly!
You are too injured to fight recklessly!
You are too injured to fight recklessly!
You are too injured to fight recklessly!
You are too injured to fight recklessly!
You are too injured to fight recklessly!
You are too injured to fight recklessly!
Unknown command.
You barely miss the gnoll.
The gnoll is moderately wounded.
You hit the gnoll. x2
You kill the gnoll!
The gnoll hits you with a +0 club. The gnoll hits you with a +0 flail!
* * * LOW HITPOINT WARNING * * *
The gnoll hits you but does no damage. The gnoll hits you with a +0 club.
You die...

#.. .... ###.####....
.......... #.....).#
#.......#
.######.......#..
.....?...g)......
.>.......@g......
...####.####.....
...####.# ....
........# ....
........######....
..........†).........##
#..........#)...####..#
#.._.......#....####..#
#......#####......##..#
##.


You could see 2 gnolls.

Vanquished Creatures
  An adder (D:2)
  2 gnolls (D:2)
  2 worms (D:1)
  4 endoplasms
  A giant cockroach (D:1)
  3 goblins
  3 hobgoblins (D:2)
  4 ball pythons
  3 bats
  4 kobolds (D:2)
  5 rats (D:1)
32 creatures vanquished.

Notes
Turn   | Place    | Note
-------+----------+-------------------------------------------
     0 | D:1      | bande the Hill Orc Fighter began the quest for the Orb.
     0 | D:1      | Reached XP level 1. HP: 19/19 MP: 1/1
   172 | D:1      | Reached XP level 2. HP: 27/27 MP: 2/2
   711 | D:2      | Found a shimmering blue altar of Sif Muna.
   717 | D:2      | Reached skill level 4 in Fighting
   717 | D:2      | Reached XP level 3. HP: 33/33 MP: 3/3
   870 | D:2      | Slain by a gnoll

Illustrated notes

Levels and vault maps discovered:
D:1:      noname_arrival_rooms_in_the_neighbourhood, layout_basic,
          nicolae_wormholes
D:2:      layout_basic, basic_altar

Skill      XL: |  1  2 |
---------------+-------+-----
Axes           | 3 |  3.9
Fighting       | 4 |  4.1
Armour         | |  3.9
Shields        | |  3.6

Action                   || total
-------------------------++-------
Melee: War axe           ||    70
Armor: Scale mail        ||    37
Dodge: Dodged            ||    45
Block: Buckler           ||    16

Table legend: (Time is in decaauts)
 A = Elapsed time spent in this place.
 B = Non-inter-level travel time spent in this place.
 C = Inter-level travel time spent in this place.
 D = Time resting spent in this place.
 E = Time spent auto-exploring this place.
 F = Levels seen in this place.
 G = Mean time per level.
                   A        B        C        D        E       F      G
               +--------+--------+--------+--------+--------+-----+--------+
         Total |    895 |    864 |     31 |      0 |    652 |   2 |  447.5 |
       Dungeon |    895 |    864 |     31 |      0 |    652 |   2 |  447.5 |
               +--------+--------+--------+--------+--------+-----+--------+

Top non-repeatable levels by time:
     D:1: 724 daAuts
     D:2: 171 daAuts
